 Dungeon Crawl Stone Soup version 0.23.2-1-ga50397a (webtiles) character file.

Game seed: 9391792864733895337

126 senseless the Chopper (level 5, -3/46 HPs)
             Began as a Hill Orc Fighter on May 22, 2019.
             Slain by a gnoll
             ... wielding a cursed -1 halberd
              (6 damage)
             ... on level 3 of the Dungeon.
             The game lasted 00:07:58 (1675 turns).

senseless the Chopper (Hill Orc Fighter)            Turns: 1675, Time: 00:07:59

Health: -3/46      AC: 10    Str: 20    XL:     5   Next: 9%
Magic:  5/5        EV:  7    Int:  8    God:
Gold:   134        SH:  9    Dex: 10    Spells: 4/4 levels left

rFire    . . .     SeeInvis .   a - +1 war axe
rCold    . . .     Gourm    .   c - +0 shield
rNeg     . . .     Faith    .   b - +0 scale mail
rPois    .         Spirit   .   e - +2 helmet
rElec    .         Reflect  .   (no cloak)
rCorr    .         Harm     .   (no gloves)
MR       .....                  (no boots)
Stlth    ..........             (no amulet)
HPRegen  0.15/turn              (no ring)
MPRegen  0.09/turn              (no ring)

@: no status effects
A: no striking features
a: no special abilities


You were on level 3 of the Dungeon.
You were not hungry.

You visited 1 branch of the dungeon, and saw 3 of its levels.

You collected 134 gold pieces.

Inventory:

Hand Weapons
 a - a +1 war axe (weapon)
Armour
 b - a +0 scale mail (worn)
 c - a +0 shield (worn)
 e - a +2 helmet (worn)
Jewellery
 k - an uncursed amulet of regeneration {unknown}
Scrolls
 h - a scroll of teleportation {unknown}
 m - a scroll of remove curse
 n - a scroll of magic mapping {unknown}
Potions
 d - a potion of might
 g - a potion of berserk rage {unknown}
 i - a potion of agility {unknown}
 j - a potion of lignification {unknown}
 o - a potion of mutation {unknown}
Comestibles
 f - 5 rations
 l - 5 chunks of flesh


   Skills:
 + Level 4.2 Fighting
 + Level 4.6 Axes
 + Level 3.8 Armour
 + Level 0.6 Dodging
 + Level 0.6 Stealth
 + Level 4.0 Shields


You had 4 spell levels left.
You didn't know any spells.
Your spell library was empty.

Dungeon Overview and Level Annotations

Branches:
Dungeon (3/15)

Altars:
Ashenzari
Uskayaw


Message History

You closely miss the orc. You slash the orc!
You kill the orc!
You hit the orc. You block the orc's attack.
The gnoll hits you from afar with a cursed -1 halberd.
The orc hits you but does no damage.
You closely miss the orc. You hit the orc. The orc hits you with a +0 mace.
* * * LOW HITPOINT WARNING * * *
You block the gnoll's attack. The orc barely misses you.
You hit the orc.
The orc is heavily wounded.
The orc hits you but does no damage. You block the gnoll's attack.
You block the orc's attack. You block the orc's attack.
The gnoll barely misses you.
You hit the orc but do no damage.
The orc is heavily wounded.
The orc hits you with a +0 mace!
* * * LOW HITPOINT WARNING * * *
The gnoll hits you from afar with a cursed -1 halberd.
You die...

#
#########....
#ogo@........
##)####.####..
#..# .....
#..#.......#
#.)#.......#
#)..g.o_.....
#..#.......#..
#..#.......#..
#..# .....


You could see a gnoll and 2 orcs.

Vanquished Creatures
  An adder (D:2)
  3 gnolls (D:3)
  An adder zombie (D:2)
  An adder skeleton (D:2)
  A worm (D:3)
  4 dart slugs (D:1)
  3 leopard geckos
  6 orcs (D:3)
  A ball python (D:3)
  2 bat skeletons (D:2)
  2 giant cockroaches
  3 goblins
  5 hobgoblins
  4 jackals
  A quokka (D:2)
  5 bats
  4 frilled lizards
  A giant cockroach zombie (D:2)
  A jackal skeleton (D:2)
  5 kobolds
  A leopard gecko skeleton (D:2)
  A quokka skeleton (D:2)
  A quokka zombie (D:2)
  6 rats
63 creatures vanquished.

Notes
Turn   | Place    | Note
-------+----------+-------------------------------------------
     0 | D:1      | senseless the Hill Orc Fighter began the quest for the Orb.
     0 | D:1      | Reached XP level 1. HP: 19/19 MP: 1/1
   113 | D:1      | Reached XP level 2. HP: 27/27 MP: 2/2
   410 | D:1      | Reached XP level 3. HP: 33/33 MP: 3/3
   976 | D:2      | Reached XP level 4. HP: 40/40 MP: 4/4
   986 | D:2      | Found a hide-covered altar of Uskayaw.
  1646 | D:3      | Found a shattered altar of Ashenzari.
  1665 | D:3      | Reached XP level 5. HP: 16/46 MP: 5/5
  1675 | D:3      | Slain by a gnoll

Skill      XL: |  1  2  3  4 |
---------------+-------------+-----
Axes           | 3 4 |  4.6
Fighting       | 4 |  4.2
Shields        | 4 |  4.0
Armour         | |  3.8
Dodging        | |  0.6
Stealth        | |  0.6

Action                   |  1- 3 |  4- 6 || total
-------------------------+-------+-------++-------
Melee: War axe           |   164 |    55 ||   219
  Use: Scroll            |     2 |       ||     2
  Eat: Chunk             |     1 |     2 ||     3
Armor: Scale mail        |    76 |    40 ||   116
Dodge: Dodged            |    43 |    17 ||    60
Block: Shield            |    93 |    28 ||   121
